 Dungeon Crawl Stone Soup version 0.31.0-32-g396128a36d (webtiles) character file.

Game seed: 16156128955468573597

63 Eli the Slasher (level 3, -2/31 HPs)
             Began as an Armataur Monk on Apr 4, 2024.
             Slain by a gnoll
             ... wielding a +0 spear
              (3 damage)
             ... on level 2 of the Dungeon.
             The game lasted 00:11:24 (778 turns).

Eli the Slasher (Armataur Monk)                      Turns: 778, Time: 00:11:25

Health: -2/31      AC:  5    Str: 16    XL:     3   Next: 89%
Magic:  3/3        EV: 14    Int: 10    God:
Gold:   31         SH:  0    Dex: 14    Spells: 2/2 levels left

rFire   . . .        b - +2 short sword
rCold   . . .        j - orb {light}
rNeg    . . .        o - +0 ring mail
rPois   .            (no helmet)
rElec   .            (no cloak)
rCorr   .            (no gloves)
SInv    .            (no barding)
Will    .....        (no amulet)
Stlth   +            n - +5 ring of evasion
HPRegen 0.25/turn    (no ring)
MPRegen 1.73/turn

%: roll
@: glowing
A: large, deformed body, tough skin 3, armoured tail, roll 1
a: no special abilities


You were on level 2 of the Dungeon.
You visited 1 branch of the dungeon, and saw 2 of its levels.

You collected 31 gold pieces.

Inventory:

Hand Weapons
 a - a +0 falchion
 b - a +2 short sword (weapon)
 d - a +0 dagger
Armour
 j - an orb of light (worn)
 m - a +0 robe
 o - a +0 ring mail (worn)
Magical Staves
 l - a staff of air
Jewellery
 n - a +5 ring of evasion (left hand)
Talismans
 e - a beast talisman
Scrolls
 f - a scroll of noise {unknown}
 g - a scroll of summoning {unknown}
 h - a scroll of silence {unknown}
 k - a scroll of teleportation {unknown}
 I - a scroll of identify
Potions
 c - a potion of ambrosia


   Skills:
 + Level 3.2 Fighting
 * Level 3.6 Long Blades
 - Level 2.1 Dodging
 + Level 1.9 Stealth


You had 2 spell levels left.
You didn't know any spells.
Your spell library was empty.

Dungeon Overview and Level Annotations

Branches:
Dungeon (2/15)

Altars:


Innate Abilities, Weirdness & Mutations

Armour fits poorly on your strangely shaped body.
You have extremely tough skin. (AC +3)
You have a long armoured tail.
You regenerate magic when rolling toward enemies. (Rampage MPRegen)


Message History

Unknown command.
You roll towards the gnoll!
You roll towards the gnoll!
The gnoll hits you with a +0 flail!
The gnoll hits you from afar with a +0 spear.
You hit the gnoll. You tail-slap the gnoll!
The gnoll is severely wounded.
The gnoll barely misses you.
The gnoll hits you from afar with a +0 spear.
You hit the gnoll but do no damage.
The gnoll is severely wounded.
The gnoll barely misses you.
The gnoll hits you from afar with a +0 spear.
You hit the gnoll.
The gnoll is almost dead.
The gnoll closely misses you. x2
You hit the gnoll.
You kill the gnoll!
The gnoll hits you from afar with a +0 spear.
You roll towards the gnoll!
You hit the gnoll.
The gnoll is lightly wounded.
The gnoll hits you with a +0 spear.
You hit the gnoll.
The gnoll is lightly wounded.
The gnoll closely misses you.
You hit the gnoll but do no damage.
You tail-slap the gnoll, but do no damage.
The gnoll is lightly wounded.
You hit the gnoll. You tail-slap the gnoll.
The gnoll is severely wounded.
The gnoll hits you with a +0 spear.
* * * LOW HITPOINT WARNING * * *
You hit the gnoll but do no damage.
The gnoll is severely wounded.
The gnoll hits you with a +0 spear.
* * * LOW HITPOINT WARNING * * *
Okay, then.
You hit the gnoll but do no damage.
The gnoll is severely wounded.
The gnoll hits you with a +0 spear.
You die...

............#####...^......#
.....>........# ##........##
.##.........#.# ##......##
............#... ########
.#..#.......# ###
............# #
.####.......# ..( .#
#.......########.....
......#####.....@g.......
.....# #########...... .....
..... ..... .g>. ... ... ..
.


You could see a gnoll.

Vanquished Creatures
  Jessica (D:2)
  A gnoll (D:2)
  A dart slug (D:1)
  2 ball pythons
  4 bats (D:2)
  2 endoplasms (D:1)
  A giant cockroach (D:1)
  3 goblins
  2 hobgoblins (D:1)
  A quokka (D:1)
  2 frilled lizards (D:1)
  A kobold (D:1)
  3 rats
24 creatures vanquished.

Notes
Turn   | Place    | Note
-------+----------+-------------------------------------------
     0 | D:1      | Eli the Armataur Monk began the quest for the Orb.
     0 | D:1      | Reached XP level 1. HP: 18/18 MP: 1/1
   128 | D:1      | Reached XP level 2. HP: 23/25 MP: 2/2
   245 | D:1      | Reached skill level 1 in Stealth
   279 | D:1      | Found a faded altar of an unknown god.
   655 | D:2      | Noticed Jessica
   675 | D:2      | Killed Jessica
   676 | D:2      | Reached XP level 3. HP: 19/31 MP: 3/3
   777 | D:2      | HP: 1/31 [gnoll/+0 spear (4)]
   778 | D:2      | Slain by a gnoll

Illustrated notes

Levels and vault maps discovered:
D:1:      dpeg_arrival_radiant, layout_basic,
          dreamdust_ecumenical_altar_statues, kennysheep_flooded_box
D:2:      layout_rooms, uniq_jessica

Skill      XL: |  1  2 |
---------------+-------+-----
Long Blades    | 3 |  3.6
Stealth        | 1 |  1.9
Fighting       | 3 |  3.2
Dodging        | |  2.1

Action                     || total
---------------------------++-------
  Melee: Falchion          ||    23
         Tailslap          ||    11
         Short sword       ||    48
    Use: Scroll            ||     3
 Armour: Robe              ||    25
         Ring mail         ||    11
  Dodge: Dodged            ||    33
